 Dungeon Crawl Stone Soup version 0.17-a0-1882-g750edc8 (webtiles) character file.

57 horredgrones the Insei (level 4, -1/28 HPs)
             Began as an Octopode Transmuter on Sept 22, 2015.
             Slain by a goblin
             ... wielding a +0 club
             ... led by Robin
              (3 damage)
             ... on level 2 of the Dungeon.
             The game lasted 00:03:16 (1242 turns).

horredgrones the Insei (Octopode Transmuter)        Turns: 1242, Time: 00:03:16

Health: -1/28      AC:  1    Str:  9    XL:     4   Next: 0%
Magic:  7/7        EV: 13    Int: 15    God:
Gold:   45         SH:  0    Dex: 13    Spells: 2 memorised, 4 levels left

rFire  . . .     SeeInvis .       - Unarmed
rCold  . . .     Clarity  .     (no shield)
rNeg   . . .     SustAt   .     (helmet restricted)
rPois  .         Gourm    .     (no amulet)
rElec  .         Spirit   .     (no ring)
rCorr  .         Warding  .     (no ring)
rMut   .         Stasis   .     (no ring)
MR     .....                    (no ring)
Stlth  ++........               (no ring)
                                (no ring)
                                (no ring)
                                (no ring)

@: lethally poisoned (-1 -> -15), not resistant to hostile enchantments,
unstealthy
A: almost no armour, amphibious, 8 rings, constrict 8, camouflage 1, gelatinous
body 1
a: no special abilities


You were on level 2 of the Dungeon.
You were not hungry.

You visited 1 branch of the dungeon, and saw 2 of its levels.

You collected 45 gold pieces.

Inventory:

Missiles
 a - 24 arrows
 d - 14 arrows of dispersal
 j - 13 poisoned needles
Scrolls
 e - 2 scrolls of fog {unknown}
 f - 2 scrolls of identify {unknown}
 g - 4 scrolls of teleportation {unknown}
 h - a scroll of remove curse {unknown}
 i - a scroll of enchant armour {unknown}
Potions
 k - a potion of heal wounds
 m - a potion of might {unknown}
Books
 b - a book of Changes

   Spells                             Type                      Level
   a - Beastly Appendage              Transmutation                1
   b - Sticks to Snakes               Transmutation                2
   c - Spider Form                    Transmutation/Poison         3
   d - Ice Form                       Ice/Transmutation            4
   e - Blade Hands                    Transmutation                5
Comestibles
 c - 2 bread rations
 l - 2 chunks of flesh


   Skills:
 - Level 1.0 Fighting
 + Level 3.0 Dodging
 * Level 4.1 Unarmed Combat
 - Level 2.0 Spellcasting
 - Level 2.0 Transmutations


You had 4 spell levels left.
You knew the following spells:

 Your Spells              Type           Power        Failure   Level  Hunger
a - Beastly Appendage     Trmt           #.....       12%         1    #......
b - Sticks to Snakes      Trmt           #.........   14%         2    ###....


Dungeon Overview and Level Annotations

Branches:
Dungeon (2/15)

Altars:
Xom
Yredelemnul

Annotations:
D:2 Terence


Innate Abilities, Weirdness & Mutations

You cannot wear most types of armour.
You are amphibious.
You can wear up to eight rings at the same time.
You can use your tentacles to constrict eight enemies at once.
Your skin changes colour to match your surroundings (Stealth).
Your rubbery body absorbs attacks (AC +1).


Message History

The stone hits you. The hobgoblin barely misses you.
The goblin barely misses you.
You barely miss the hobgoblin. You grab the hobgoblin.
You constrict the hobgoblin, but do no damage.
You feel sick. The goblin closely misses you.
You tentacle-slap the hobgoblin.
The hobgoblin is almost dead.
You constrict the hobgoblin, but do no damage.
You feel sick.
The goblin shoots a stone.
The stone barely misses you.
The stone closely misses the goblin.
The hobgoblin hits you with a club. The goblin hits you but does no damage.
The goblin closely misses you.
You tentacle-slap the hobgoblin.
You kill the hobgoblin!
Your Dodging skill increases to level 3!
You have reached level 4!
* * * LOW HITPOINT WARNING * * *
You feel sick.
The goblin shoots a stone.
The stone hits you.
* * * LOW HITPOINT WARNING * * *
The goblin hits you with a club.
You die... ggg ... gg#

..# #.# #g#
#r####### ###
#g# #........ #
.. #g#
#..###### # #.
#@# #..# #
#.####g#####>.#
#
#(...g@.ggg...#
#
######)######.#
# #.# .# # #.#
.# # ##.## .# #
##...## .# #
###.#.#.####.#
#
.............#
#
###.#.#.###..#


You could see Terence, 2 hobgoblins and 6 goblins.

Vanquished Creatures
  Robin (D:2)
  2 adders (D:2)
  2 giant geckos (D:1)
  4 giant cockroaches
  2 goblins (D:1)
  3 hobgoblins
  4 jackals (D:2)
  3 kobolds
  A bat (D:1)
  2 giant newts (D:1)
  A rat (D:2)
25 creatures vanquished.

Notes
Turn   | Place    | Note
--------------------------------------------------------------
     0 | D:1      | horredgrones the Octopode Transmuter began the quest for the Orb.
     0 | D:1      | Reached XP level 1. HP: 13/13 MP: 3/3
   275 | D:1      | Reached XP level 2. HP: 18/18 MP: 5/5
   312 | D:1      | Learned a level 2 spell: Sticks to Snakes
   728 | D:2      | Reached XP level 3. HP: 11/23 MP: 4/6
   940 | D:2      | Found a basalt altar of Yredelemnul.
   951 | D:2      | Found a shimmering altar of Xom.
  1098 | D:2      | Reached skill level 4 in Unarmed Combat
  1219 | D:2      | Noticed Robin
  1235 | D:2      | Noticed Terence
  1239 | D:2      | Killed Robin
  1242 | D:2      | Reached XP level 4. HP: 10/28 MP: 7/7
  1242 | D:2      | Slain by a goblin

Vault maps used:
D:1:      minmay_arrival_glassed_features, minmay_misc_feat_columns
D:2:      lemuel_doored_altar, lemuel_round_altar, uniq_terence, uniq_robin,
          uniq_crazy_yiuf_cottage

Action                   |  1- 3 |  4- 6 || total
-------------------------+-------+-------++-------
Melee: Unarmed           |    70 |       ||    70
 Cast: Beastly Appendage |     1 |       ||     1
  Use: Potion            |     1 |       ||     1
 Stab: Sleeping          |     4 |       ||     4
       Distracted        |     1 |       ||     1
  Eat: Chunk             |     1 |       ||     1
